 Dungeon Crawl Stone Soup version 0.30-a0-385-gfebfb9b408 (webtiles) character file.

Game seed: 5707569163584598498

183 tio the Scholar of Death (level 5, -7/37 HPs)
             Began as a Demonspawn Necromancer on Dec 2, 2022.
             Was a Follower of Kikubaaqudgha.
             Mangled by an iguana (8 damage)
             ... on level 3 of the Dungeon.
             The game lasted 00:15:43 (2841 turns).

tio the Scholar of Death (Demonspawn Necromancer)   Turns: 2841, Time: 00:15:44

Health: -7/37      AC:  6    Str:  9    XL:     5   Next: 35%
Magic:  0/10       EV:  8    Int: 22    God:    Kikubaaqudgha [*.....]
Gold:   134        SH:  0    Dex: 13    Spells: 9/10 levels left

rFire   x . .      SeeInvis .    s - +2 whip (freeze)
rCold   + . .      Faith    .    (no shield)
rNeg    . . .      Spirit   +    m - +0 scale mail
rPois   .          Reflect  .    (no helmet)
rElec   .          Harm     .    (no cloak)
rCorr   .          Rampage  .    (no gloves)
Will    .....                    (no boots)
Stlth   +.........               r - amulet of guardian spirit
HPRegen 0.26/turn                e - ring of ice
MPRegen 0.12/turn                (no ring)

@: brilliant, very slightly contaminated
A: powered by pain 1, big brain 2, demonic touch 1
a: Renounce Religion, Unearth Wretches


You were on level 3 of the Dungeon.
You worshipped Kikubaaqudgha.
Kikubaaqudgha was aware of your devotion.
You visited 1 branch of the dungeon, and saw 3 of its levels.

You collected 134 gold pieces.

Inventory:

Hand Weapons
 s - a +2 whip of freezing (weapon)
Missiles
 d - a throwing net
 g - 7 poisoned darts
Armour
 m - a +0 scale mail (worn)
Jewellery
 e - a ring of ice (left hand)
 r - an amulet of guardian spirit (around neck)
Scrolls
 a - a scroll of summoning {unknown}
 c - a scroll of fear {unknown}
 j - 2 scrolls of brand weapon
 n - a scroll of teleportation {unknown}
 o - a scroll of vulnerability {unknown}
 q - 2 scrolls of identify
Potions
 b - 2 potions of magic
 f - 7 potions of curing {unknown}
 h - 2 potions of brilliance
 i - a potion of ambrosia {unknown}
 k - 2 potions of degeneration {unknown}
 p - a potion of berserk rage {unknown}


   Skills:
 + Level 1.0 Fighting
 + Level 0.1 Armour
 + Level 2.3 Dodging
 + Level 2.0 Stealth
 + Level 3.4 Spellcasting
 + Level 5.9 Necromancy


You had 9 spell levels left.
You knew the following spells:

 Your Spells              Type           Power      Damage    Failure   Level
a - Necrotise             Necr           100%       1d9       9%          1

Your spell library contained the following spells:

 Spells                   Type           Power      Damage    Failure   Level
 Sublimation of Blood     Necr           44%        N/A       14%         2
 Vampiric Draining        Necr           44%        2d9       26%         3
 Kiss of Death            Conj/Necr      100%       2d13      30%         1
 Animate Dead             Necr           44%        N/A       65%         4
 Agony                    Necr           44%        N/A       94%         5
 Stone Arrow              Conj/Erth      10%        3d7       97%         3
 Animate Armour           Summ/Erth      10%        N/A       100%        4
 Lehudib's Crystal Spear  Conj/Erth      2%         10d2      100%        8


Dungeon Overview and Level Annotations

Branches:
Dungeon (3/15)

Altars:
Kikubaaqudgha
Xom


Innate Abilities, Weirdness & Mutations

You sometimes gain a little power by taking damage.
You have an extremely huge brain. (Int +4)
Your touch may inflict minor irresistible damage on your foes.


Message History

The orc writhes in agony.
You kill the orc!
Kikubaaqudgha accepts your kill.
The dead are walking!
An orc priest comes into view. It is wielding a +0 trident.
The orc hits you with a +0 flail!
The orc writhes in agony.
The orc hits you but does no damage.
Your orc skeleton hits the orc but does no damage.
The orc writhes in agony.
You kill the orc!
Kikubaaqudgha accepts your kill.
The dead are walking!
You swap places.
A nearby plant withers and dies.
Items here: )) [[.
The orc priest looks satisfied for a moment.
You miscast Necrotise.
You are very lightly contaminated with residual magic.
Nothing appears to happen.
Something hits the plant.
The plant begins to die.
The orc priest hits you from afar with a +0 trident.
The orc priest barely resists.
The orc priest hits you but does no damage.
Something hits the plant.
The orc priest writhes in agony.
The orc priest hits you but does no damage.
Something hits the plant.
The orc priest mumbles some strange prayers to Beogh against you.
Pain shoots through your body!
Something hits the plant.
The iguana bites you.
As you read the scroll labelled BUISKUEDI, it crumbles to dust.
It is a scroll of identify.
j - 2 scrolls of brand weapon A nearby plant withers and dies.
The iguana bites you!
* * * LOW HITPOINT WARNING * * *
The orc priest completely misses something.
It was a potion of brilliance.
You feel clever all of a sudden.
The orc priest hits something with a +0 trident.
The iguana bites you!
You die...
Kikubaaqudgha rasps: "You have failed me!
Welcome... death!"

###### #.# ...... .##..#
#.# ........ .....# #.#
.[....... .♣♣.####.#
♣♣##....#.PPP
.♣.......♣♣♣.♣....P.P..P
...♣.♣♣P.♣.♣.)♣ Zo....P.
♣♣.♣.Z♣♣.♣♣..Z♣♣...P....
P♣...♣♣.♣..P.♣.Z♣l...#
♣..♣..♣♣PP.♣.♣♣.@....+
♣.§P♣.§♣♣..♣..♣♣.....#
P..♣.§♣.♣♣..P?♣.........
.♣..♣♣P..♣♣P♣P......)..P
♣.♣.♣.♣♣.♣.♣P..P8.8..P♣P
♣.♣♣Z♣♣Z♣P.♣♣........♣P.
♣♣♣.♣♣♣♣...P♣♣♣P......♣.
.♣.♣.♣..P....P.♣♣...P♣.♣
.
♣.♣P♣..........♣P..PP♣P♣
.♣


You could see an iguana, an orc priest (ally target) and 2 friendly orc
skeletons.

Vanquished Creatures
  2 orc wizards (D:3)
  3 gnolls (D:3)
  2 adders (D:2)
  2 worms (D:2)
  4 dart slugs
  5 orcs (D:3)
  2 ball pythons
  7 endoplasms
  2 giant cockroaches
  7 goblins
  A hobgoblin (D:2)
  3 jackals (D:1)
  7 kobolds
  4 quokkas
  4 bats
  5 frilled lizards
  4 rats
64 creatures vanquished.

Vanquished Creatures (collateral kills)
  A hobgoblin (D:1)
1 creature vanquished.

Vanquished Creatures (others)
  6 plants (D:3)
6 creatures vanquished.

Grand Total: 71 creatures vanquished

Notes
Turn   | Place    | Note
-------+----------+-------------------------------------------
     0 | D:1      | tio the Demonspawn Necromancer began the quest for the Orb.
     0 | D:1      | Reached XP level 1. HP: 13/13 MP: 3/3
   146 | D:1      | Gained mutation: You sometimes gain a little power by
                  | taking damage. [demonic ancestry]
   146 | D:1      | Reached XP level 2. HP: 19/19 MP: 1/5
   708 | D:1      | Gained mutation: Your touch may inflict minor irresistible
                  | damage on your foes. [demonic ancestry]
   708 | D:1      | Reached XP level 3. HP: 24/24 MP: 2/6
   719 | D:1      | Reached skill level 5 in Necromancy
  1261 | D:2      | Reached skill level 1 in Fighting
  1386 | D:2      | Gained mutation: You have an unusually large brain. (Int
                  | +2) [demonic ancestry]
  1386 | D:2      | Reached XP level 4. HP: 30/32 MP: 2/7
  1640 | D:2      | Found a faded altar of an unknown god.
  2103 | D:2      | Prayed at the altar of an unknown god.
  2103 | D:2      | Became a worshipper of Kikubaaqudgha
  2103 | D:2      | Reached * piety under Kikubaaqudgha
  2103 | D:2      | Received a gift from Kikubaaqudgha
  2377 | D:3      | Gained mutation: You have an extremely huge brain. (Int +4)
                  | [demonic ancestry]
  2377 | D:3      | Reached XP level 5. HP: 27/37 MP: 1/10
  2735 | D:3      | Found a shimmering altar of Xom.
  2840 | D:3      | HP: 1/37 [iguana (11)]
  2841 | D:3      | Mangled by an iguana

Illustrated notes

Levels and vault maps discovered:
D:1:      amcnicky_arrival_choice, layout_loops_cross
D:2:      layout_loops_ring, basic_ecumenical_altar
D:3:      wad_woods_settlement, layout_basic, nicolae_overflow_crystal_walls,
          nicolae_underground_beach, uniq_grinder

Skill      XL: |  1  2  3  4 |
---------------+-------------+-----
Dodging        | 2 |  2.3
Stealth        | 2 |  2.0
Necromancy     | 5 |  5.9
Fighting       | 1 |  1.0
Spellcasting   | 3 |  3.4
Armour         | |  0.1

Action                   |  1- 3 |  4- 6 || total
-------------------------+-------+-------++-------
Melee: Dagger            |    25 |       ||    25
       Whip              |       |     8 ||     8
       Touch             |       |     2 ||     2
 Cast: Necrotise         |    63 |    57 ||   120
  Use: Scroll            |     2 |     1 ||     3
       Potion            |       |     1 ||     1
Armor: Robe              |     4 |       ||     4
       Scale mail        |     2 |    11 ||    13
Dodge: Dodged            |    22 |     6 ||    28

Table legend: (Time is in decaauts)
 A = Elapsed time spent in this place.
 B = Non-inter-level travel time spent in this place.
 C = Inter-level travel time spent in this place.
 D = Time resting spent in this place.
 E = Time spent auto-exploring this place.
 F = Levels seen in this place.
 G = Mean time per level.
                   A        B        C        D        E       F      G
               +--------+--------+--------+--------+--------+-----+--------+
         Total |   2839 |   2705 |    134 |      0 |   2334 |   3 |  946.3 |
       Dungeon |   2839 |   2705 |    134 |      0 |   2334 |   3 |  946.3 |
               +--------+--------+--------+--------+--------+-----+--------+

Top non-repeatable levels by time:
     D:2: 1125 daAuts
     D:1: 1001 daAuts
     D:3: 713 daAuts
